 Dungeon Crawl Stone Soup version 0.27-a0-328-g7f782ed93a (webtiles) character file.

Game seed: 5691379396554210255

11 CurlyBrace the Caller (level 2, 0/12 HPs)
             Began as a Felid Summoner on Feb 11, 2021.
             Slain by a leopard gecko (1 damage)
             ... on level 2 of the Dungeon.
             The game lasted 00:03:10 (246 turns).

CurlyBrace the Caller (Felid Summoner)               Turns: 246, Time: 00:03:11

Health: 0/12       AC:  1    Str:  1 (4)  XL:     2   Next: 17%
Magic:  6/6        EV: 18    Int: 15 (16) God:
Gold:   0          SH:  0    Dex: 15 (16) Spells: 4/5 levels left
                                        Lives:  0   Deaths: 0

rFire    . . .     SeeInvis +   (weapon unavailable)
rCold    . . .     Faith    .   (shield unavailable)
rNeg     . . .     Spirit   .   (armour unavailable)
rPois    .         Reflect  .   (helmet unavailable)
rElec    .         Harm     .   (cloak unavailable)
rCorr    .         Rampage  .   (gloves unavailable)
Will     .....                  (boots unavailable)
Stlth    +++.......             (no amulet)
HPRegen  0.04/turn              (no ring)
MPRegen  0.10/turn              (no ring)

@: quick
A: very small, no armour, no weapons or thrown items, stealth, claws 1, fangs 3,
see invisible, speed 1, shaggy fur 1, sharp paws
a: no special abilities


You were on level 2 of the Dungeon.
You visited 1 branch of the dungeon, and saw 2 of its levels.

Inventory:

Scrolls
 a - 3 scrolls of enchant armour {unknown}


   Skills:
 * Level 1.0 Fighting
 - Level 3.0 Dodging
 + Level 2.9 Stealth
 * Level 0.8 Unarmed Combat
 - Level 2.0 Spellcasting
 - Level 4.0 Summonings


You had 4 spell levels left.
You knew the following spells:

 Your Spells              Type           Power        Failure   Level
a - Summon Small Mammal   Summ           52%          4%          1

Your spell library contained the following spells:

 Spells                   Type           Power        Failure   Level
 Call Imp                 Summ           13%          6%          2
 Call Canine Familiar     Summ           13%          13%         3
 Summon Guardian Golem    Hex/Summ       7%           28%         3
 Summon Ice Beast         Ice/Summ       7%           67%         4
 Summon Lightning Spire   Summ/Air       7%           67%         4


Dungeon Overview and Level Annotations

Branches:
Dungeon (2/15)

Altars:


Innate Abilities, Weirdness & Mutations

You cannot wear armour.
You are incapable of wielding weapons or throwing items.
Your paws allow you to move quietly. (Stealth)
You have sharp claws.
You have razor-sharp teeth.
You have supernaturally acute eyesight. (SInv)
You cover ground quickly.
You are covered in fur. (AC +1)
Your sharp claws are effective at attacking unaware monsters.


Message History

Training target 3.0 for Dodging reached!
Your Fighting skill increases to level 1!
Your Dodging skill increases to level 3!
You see here a worm corpse.
Your bat disappears in a puff of smoke!
You see here a dart slug corpse.
Things that are here:
3 stones; a kobold corpse Your quokka disappears in a puff of smoke!
A hobgoblin comes into view.
A frilled lizard comes into view.
The hobgoblin shouts!
The frilled lizard hisses angrily.
You scratch the hobgoblin.
The hobgoblin is severely wounded.
The hobgoblin completely misses you.
You scratch the hobgoblin but do no damage.
The hobgoblin is severely wounded.
The hobgoblin hits you.
You scratch the hobgoblin but do no damage.
The hobgoblin is severely wounded.
The hobgoblin misses you. The frilled lizard bites you.
You barely miss the frilled lizard. The frilled lizard bites you.
You barely miss the frilled lizard. The frilled lizard misses you.
You miss the frilled lizard. The frilled lizard bites you.
* * * LOW HITPOINT WARNING * * *
You aren't carrying any potions.
Things that are here:
3 stones; a kobold corpse
Found an amethyst potion.
A leopard gecko comes into view.
The leopard gecko hisses angrily.
The leopard gecko bites you.
* * * LOW HITPOINT WARNING * * *
You see here an amethyst potion.
It was a potion of degeneration.
There was something very wrong with that liquid.
You feel weakened.
You feel dopey.
You feel clumsy. The leopard gecko bites you.
You die...

#.# #.# #.#
#.# #.# #.#
#l# #@# . #.#
#.# ... #.#
.... #.#
#......# #.#
###......# #l#
#......#.# #g#
#......#.#####
#.#
#....).#......


You could see a leopard gecko, a hobgoblin and a frilled lizard.

Vanquished Creatures
  2 hobgoblins (D:2)
2 creatures vanquished.

Vanquished Creatures (collateral kills)
  2 worms (D:2)
  A dart slug (D:2)
  A leopard gecko (D:2)
  A kobold (D:2)
  A rat (D:2)
6 creatures vanquished.

Grand Total: 8 creatures vanquished

Notes
Turn   | Place    | Note
-------+----------+-------------------------------------------
     0 | D:1      | CurlyBrace the Felid Summoner began the quest for the Orb.
     0 | D:1      | Reached XP level 1. HP: 7/7 MP: 4/4
   126 | D:2      | Reached XP level 2. HP: 9/12 MP: 1/6
   180 | D:2      | Reached skill level 1 in Fighting
   246 | D:2      | Slain by a leopard gecko

Illustrated notes

Levels and vault maps discovered:
D:1:      tarquinn_simple_flora_water_b, layout_basic, lemuel_flame_loot_1
D:2:      layout_basic, uniq_robin

Skill      XL: |  1  2 |
---------------+-------+-----
Fighting       | 1 |  1.0
Dodging        | 3 |  3.0
Stealth        | |  2.9
Unarmed Combat | |  0.8
Spellcasting   | |  2.0
Summonings     | |  4.0

Action                   || total
-------------------------++-------
Melee: Unarmed           ||    20
 Cast: Summon Small Mamm ||    14
  Use: Potion            ||     1
 Stab: Sleeping          ||     2
Dodge: Dodged            ||     8

Table legend: (Time is in decaauts)
 A = Elapsed time spent in this place.
 B = Non-inter-level travel time spent in this place.
 C = Inter-level travel time spent in this place.
 D = Time resting spent in this place.
 E = Time spent auto-exploring this place.
 F = Levels seen in this place.
 G = Mean time per level.
                   A        B        C        D        E       F      G
               +--------+--------+--------+--------+--------+-----+--------+
         Total |    214 |    214 |      0 |      0 |      0 |   2 |  107.0 |
       Dungeon |    214 |    214 |      0 |      0 |      0 |   2 |  107.0 |
               +--------+--------+--------+--------+--------+-----+--------+

Top non-repeatable levels by time:
     D:2: 205 daAuts
     D:1: 9 daAuts
